Map: Submarine LE

Players

Hizin

  • Race: Terran Terran
  • League: Diamond
  • Spawn Location: 11:00

DANKCRAFT - Winner!

  • Race: Terran Terran
  • Spawn Location: 5:00

VOD

Have the link to the VOD?

Description

Time

  • Played on: July 10, 2020, 11:17 p.m.
  • Length: 26:59
Show
View Real Time Build Order
Export as new Build Order

Hizin Terran 

Build Orders: Reaper Expand 

Get SALT Encoding   

  12  0:02  SCV  
  13  0:14  SCV  
  13  0:17  Supply Depot  
  14  0:28  SCV  
  15  0:39  Barracks  
  15  0:40  SCV  
  16  0:46  Refinery  
  16  0:52  SCV  
  17  1:04  SCV  
  18  1:16  SCV  
  19  1:29  Orbital Command  
  19  1:30  Reaper  
  20  1:44  Command Center  
  20  1:56  SCV  
  21  2:04  Barracks Reactor  
  21  2:10  SCV  
  21  2:12  Supply Depot  
  22  2:22  SCV  
  23  2:36  SCV  
  24  2:39  Refinery  
  24  2:40  Factory, Marine  
  24  2:41  Marine  
  26  2:48  SCV  
  27  2:56  Orbital Command  
  27  2:59  Marine x2  
  27  3:00  SCV  
  30  3:12  SCV  
  31  3:21  Marine  
  31  3:22  Marine  
  31  3:24  SCV, Starport  
  31  3:25  Hellion  
  31  3:26  SCV  
  37  3:36  SCV  
  37  3:38  SCV  
  37  3:39  Marine x2  
  41  3:43  Refinery  
  41  3:48  SCV  
  41  3:50  SCV, Hellion  
  45  4:00  SCV  
  45  4:02  Starport Tech Lab  
  46  4:06  Fusion Core  
  46  4:09  Supply Depot  
  46  4:11  Factory Tech Lab  
  46  4:12  SCV x2, Marine x2  
  50  4:23  Starport  
  50  4:24  SCV  
  50  4:25  SCV  
  52  4:36  SCV  
  44  4:42  Marine  
  44  4:43  Siege Tank  
  44  4:44  Banshee  
  41  5:00  Marine  
  42  5:08  Viking  
  42  5:16  Supply Depot  
  42  5:19  Barracks  
  37  5:32  SCV x2  
  38  5:44  SCV  
  38  5:45  SCV  
  38  5:57  SCV  
  37  6:09  Viking  
  31  6:22  SCV x2  
  31  6:23  Viking  
  31  6:24  Siege Tank  
  30  6:40  SCV x2  
  29  6:52  SCV x2  
  30  7:07  Hellion  
  30  7:37  SCV x2  
  32  7:49  SCV x2  
  26  8:01  SCV x2  
  28  8:13  SCV  
  28  8:14  SCV  
  28  8:17  Marine  
  33  8:20  Hellion  
  33  8:25  SCV  
  33  8:26  SCV  
  35  8:28  Liberator x2  
  41  8:37  Command Center  
  41  8:38  SCV x2  
  43  8:50  SCV x2  
  43  8:54  Barracks  
  45  8:56  Barracks  
  45  8:59  Barracks Tech Lab  
  45  9:02  SCV x2  
  47  9:14  SCV x2  
  49  9:26  SCV x2  
  52  9:38  SCV x2  
  53  9:49  Viking x2  
  53  9:50  SCV, Supply Depot  
  53  9:52  Orbital Command  
  58  9:56  SCV  
  59  10:02  SCV  
  60  10:08  Barracks Reactor x2  
  60  10:09  Marine  
  60  10:11  Stimpack  
  60  10:12  SCV  
  59  10:16  Engineering Bay x2  
  59  10:20  SCV x2  
  59  10:21  Refinery  
  59  10:24  SCV  
  59  10:27  Marine  
  61  10:32  SCV  
  60  10:44  SCV  
  60  10:45  SCV  
  60  10:46  Battlecruiser  
  68  10:51  Terran Infantry Weapons Level 1, Terran Infantry Armor Level 1  
  68  10:52  Marine  
  68  10:53  Marine x4  
  68  10:54  Starport Tech Lab  
  73  11:09  SCV x2  
  73  11:10  SCV, Marine x4  
  80  11:16  Marine  
  81  11:21  SCV  
  81  11:22  SCV, Orbital Command  
  84  11:28  Marine  
  84  11:30  Marine  
  85  11:40  Refinery  
  85  11:42  Refinery, Marine  
  85  11:43  Marine  
  85  11:44  Marine  
  85  11:46  SCV  
  85  11:48  Marine  
  85  11:51  SCV x2  
  83  11:56  Combat Shield, Siege Tank  
  81  12:11  Marine  
  81  12:12  Marine x3  
  81  12:15  Marine  
  80  12:29  Marine  
  81  12:30  Marine x3  
  81  12:33  Marine  
  85  12:49  Starport Reactor  
  85  12:50  Factory  
  85  12:58  Starport Reactor, Marine x3  
  85  12:59  SCV  
  85  13:00  SCV  
  85  13:13  Marine  
  85  13:14  SCV  
  85  13:23  Marine  
  85  13:27  Supply Depot  
  85  13:28  Supply Depot  
  85  13:34  Barracks  
  85  13:38  Barracks  
  85  13:42  Armory, Barracks  
  85  13:43  Barracks  
  85  13:49  SCV x2, Siege Tank x2  
  85  13:50  SCV, Marine x5  
  85  13:52  Viking  
  101  14:06  Supply Depot  
  101  14:09  Supply Depot  
  101  14:10  Supply Depot  
  101  14:23  Barracks Reactor  
  101  14:27  Marine  
  101  14:28  Viking x2, SCV x3  
  101  14:30  Viking x2, Marine x4  
  117  14:40  SCV x3  
  117  14:44  Siege Tank  
  123  14:45  Marine  
  123  14:48  Marine x2  
  123  14:52  SCV  
  125  14:55  SCV x2  
  125  14:57  Siege Tank  
  125  15:12  Command Center  
  124  15:15  Orbital Command  
  124  15:46  Supply Depot  
  124  15:47  Marine x4, Liberator x2  
  124  15:48  Supply Depot  
  134  15:50  Supply Depot  
  134  16:03  Command Center  
  134  16:07  Marine x5  
  134  16:08  Siege Tank  
  134  16:10  Viking, Marine x3, Siege Tank  
  150  16:11  Marine x2  
  150  16:13  Medivac  
  154  16:25  Marine x2  
  154  16:30  Medivac x2  
  151  16:40  Siege Tank  
  151  16:41  Viking  
  151  16:42  Siege Tank  
  151  16:43  Viking  
  161  17:00  Viking  
  139  18:12  Refinery  
  128  18:21  Command Center  
  128  18:23  Terran Infantry Armor Level 2, Terran Infantry Weapons Level 2  
  102  18:54  Marine  
  102  18:55  Marine x9  
  107  18:56  Viking x3  
  107  18:57  Viking  
  107  18:58  Thor x2  
  123  19:12  Marine  
  123  19:13  Marine x3  
  125  19:18  Marine x4  
  125  19:19  Marine x2  
  131  19:26  Viking  
  131  19:29  Orbital Command  
  131  19:30  Marine x4  
  137  19:36  Marine  
  123  19:50  Medivac x3  
  124  19:56  Medivac  
  124  19:57  SCV x2  
  124  19:58  SCV  
  117  20:13  SCV x3  
  119  20:40  Planetary Fortress  
  104  21:06  Marine  
  104  21:07  Marine x9  
  108  21:23  SCV x2  
  108  21:24  Marine  
  108  21:25  Marine x9  
  121  21:30  Planetary Fortress  
  120  21:34  SCV  
  120  21:35  SCV x2  
  123  21:42  Marine x2  
  123  21:43  Marine  
  123  21:44  Marine x4  
  123  21:46  SCV  
  131  21:48  SCV x2  
  132  21:58  SCV  
  132  22:00  SCV x2  
  129  22:10  SCV  
  129  22:12  SCV x2  
  111  22:38  SCV x4  
  115  22:50  SCV x2  
  90  23:04  Marine  
  91  23:09  Marine x7  
  91  23:10  Marine  
  63  24:27  SCV  
  63  24:30  SCV  
  66  24:38  Orbital Command  
  65  24:39  SCV  
  65  24:42  SCV  
  65  25:08  SCV  
  60  25:44  SCV  
Show
View Real Time Build Order
Export as new Build Order

DANKCRAFT Terran - Winner!

Build Orders: Liberator Opening 

Get SALT Encoding   

  12  0:01  SCV  
  13  0:14  SCV  
  14  0:26  SCV  
  14  0:27  Supply Depot  
  15  0:47  Refinery  
  15  0:49  SCV  
  16  0:55  Barracks  
  16  1:01  SCV  
  17  1:12  Refinery  
  17  1:13  SCV  
  18  1:25  SCV  
  19  1:37  SCV  
  20  1:43  Factory  
  20  1:45  Supply Depot  
  20  1:49  SCV  
  21  2:01  SCV  
  21  2:03  Marine  
  23  2:08  Bunker  
  23  2:21  Marine  
  24  2:26  SCV  
  25  2:42  Starport  
  25  2:43  Factory Tech Lab  
  26  2:56  Orbital Command  
  25  3:02  Siege Tank  
  28  3:18  Supply Depot  
  28  3:21  Liberator  
  31  3:39  SCV, Siege Tank  
  35  3:46  Barracks  
  35  3:50  Marine  
  36  4:04  Liberator  
  39  4:30  Cyclone  
  42  4:47  Viking  
  41  5:02  Cyclone  
  43  5:17  Viking  
  33  6:02  Cyclone  
  36  6:18  Viking  
  38  6:29  Engineering Bay  
  38  6:34  Cyclone  
  37  6:48  Viking  
  30  7:08  Siege Tank  
  30  7:13  Command Center  
  36  7:27  Marine  
  30  7:53  Siege Tank  
  29  8:19  Starport  
  29  8:25  Command Center  
  29  8:26  Siege Tank  
  31  8:41  Command Center  
  31  8:46  Missile Turret  
  31  8:47  Missile Turret x2  
  31  8:48  Missile Turret  
  31  8:50  Missile Turret  
  31  8:52  SCV  
  32  8:59  Viking  
  32  9:02  Marine  
  34  9:04  SCV x2  
  37  9:16  SCV x2  
  39  9:20  Marine  
  39  9:21  Supply Depot  
  43  9:28  SCV  
  43  9:29  Viking  
  43  9:38  Marine  
  41  9:40  SCV, Cyclone  
  41  9:44  Starport Reactor  
  46  9:48  SCV, Starport  
  46  9:51  Refinery  
  46  9:52  SCV  
  48  9:55  Refinery  
  48  9:57  SCV  
  48  9:58  Missile Turret  
  49  10:00  SCV  
  50  10:09  SCV  
  49  10:16  Cyclone  
  49  10:21  SCV  
  53  10:25  Viking  
  57  10:29  Viking  
  57  10:40  Viking  
  59  10:58  SCV  
  59  11:00  Viking x2  
  64  11:10  SCV  
  65  11:22  SCV  
  65  11:25  Viking  
  68  11:27  SCV  
  68  11:29  Refinery  
  68  11:30  Viking x2  
  68  11:31  Refinery  
  73  11:34  SCV  
  73  11:39  SCV  
  75  11:47  SCV  
  76  11:51  SCV  
  77  11:59  SCV  
  78  12:03  SCV  
  78  12:05  Viking x3  
  78  12:11  SCV  
  77  12:20  SCV  
  77  12:21  Missile Turret  
  78  12:23  SCV  
  78  12:26  Refinery  
  79  12:30  Refinery  
  79  12:32  SCV  
  79  12:35  SCV  
  82  12:44  SCV  
  82  12:45  Viking  
  82  12:47  SCV  
  82  12:48  Viking  
  87  12:56  SCV  
  88  12:59  SCV  
  73  13:08  SCV  
  73  13:10  Factory  
  73  13:12  Factory  
  74  13:16  SCV  
  75  13:20  SCV  
  70  13:28  SCV  
  70  13:29  Factory  
  70  13:30  Factory  
  70  13:34  Planetary Fortress  
  71  13:36  Planetary Fortress  
  71  13:40  SCV  
  72  13:42  SCV  
  73  13:52  Fusion Core  
  73  13:54  SCV  
  74  13:59  Starport Tech Lab  
  74  14:02  Starport Tech Lab  
  74  14:07  Factory Tech Lab  
  74  14:08  Factory Tech Lab  
  74  14:12  Factory  
  74  14:16  Supply Depot  
  75  14:17  SCV  
  75  14:18  Supply Depot, Hellion x2  
  75  14:19  Supply Depot  
  79  14:35  SCV  
  79  14:39  Battlecruiser, Hellion  
  81  14:48  SCV  
  79  15:00  Siege Tank x2  
  79  15:01  Factory Tech Lab  
  79  15:03  Liberator  
  78  15:14  Factory Tech Lab x2  
  76  15:37  Siege Tank x2  
  82  15:43  Liberator  
  88  15:50  Battlecruiser  
  91  15:57  Weapon Refit  
  91  15:59  Supply Depot  
  91  16:01  Supply Depot  
  91  16:03  Supply Depot  
  87  16:14  Planetary Fortress  
  87  16:22  Siege Tank x2  
  93  16:26  Battlecruiser  
  99  16:48  Missile Turret  
  99  16:50  Siege Tank  
  99  16:51  Siege Tank  
  105  16:59  Battlecruiser  
  111  17:08  SCV  
  110  17:20  SCV  
  108  17:59  Battlecruiser  
  108  18:03  Liberator  
  117  18:11  Factory Tech Lab  
  117  18:18  Factory Tech Lab  
  117  18:26  Siege Tank x2  
  123  18:37  Widow Mine  
  125  18:42  Widow Mine  
  124  19:03  Widow Mine x2, Liberator  
  125  19:18  Liberator  
  125  19:19  Hellion  
  125  19:46  Hellion, Widow Mine  
  125  19:47  Hellion  
  125  19:48  Liberator  
  119  19:56  Widow Mine  
  121  20:00  Armory  
  121  20:02  Command Center  
  125  20:07  Hellion, Widow Mine  
  125  20:17  Widow Mine  
  125  20:22  Orbital Command  
  125  20:36  Supply Depot  
  125  20:38  Supply Depot  
  125  20:42  Hellion  
  124  20:58  Hellion, Cyclone x2  
  124  21:00  Battlecruiser  
  124  21:03  Hellion  
  134  21:09  Missile Turret  
  128  21:12  Missile Turret x3  
  128  21:13  Missile Turret  
  128  21:14  Missile Turret  
  128  21:15  Missile Turret  
  128  21:20  SCV  
  128  21:24  Cyclone  
  128  21:30  Cyclone x3  
  128  21:32  SCV  
  136  21:40  Drilling Claws  
  136  21:44  SCV  
  137  21:56  SCV  
  138  22:02  Cyclone x2  
  138  22:08  SCV  
  142  22:20  SCV  
  135  22:32  SCV  
  135  22:34  Thor x2  
  142  22:40  Siege Tank  
  148  22:44  SCV  
  147  22:56  SCV  
  132  23:08  SCV  
  136  23:14  Command Center  
  136  23:17  Widow Mine, Thor  
  141  23:21  Supply Depot  
  141  23:23  SCV, Supply Depot x2  
  141  23:25  Supply Depot  
  141  23:26  Supply Depot x3  
  138  23:47  Widow Mine  
  140  24:00  Widow Mine  
  142  24:09  Widow Mine  
  138  24:34  Refinery x2  
  138  24:39  SCV  
  138  24:42  Factory  
  133  25:09  SCV  
  134  25:21  SCV  
  125  25:33  SCV  
  117  25:40  Thor x2  
  126  25:45  SCV  
  127  25:51  Command Center  
Tags
 
Add a new tag
Caveats
  • Supply blocks, unpowered buildings, or Contaminate may cause inaccurate times.
  • Supply counts are checked every 10 seconds.